AoeStats
← LitiumJCH

Oasis

509508191Analyzed
4v4 RM · 6d ago on Sep 27, 2026· 34m 26s· 8 players
Game mode
Random Map
Map size
Large (8 player)
Population
200
Speed
Normal
Resources
Standard
Victory
Conquest
Starting age
Dark Age
Ending age
Imperial Age
RankedLock teamsTeams togetherTeam positionsShared explorationLock speedFull tech treeHidden civsTurbo modeCheats
Victory
Defeat
🇦🇷 Danes · Argentina
1017
+10
🇦🇷 Byzantines · Argentina
953
+13
🇦🇷 Saracens · Argentina
917
+14
🇦🇷 Tatars · Argentina
908
+15
🇲🇽 Poles · Mexico
952
-15
🇵🇪 Mongols · Peru
875
-13
🇵🇪 Franks · Peru
859
-12
🇨🇱 Persians · Chile
853
-12
LitiumJCH
11:06 Loom
15:08 Feudal Age
20:25 Double-Bit Axe
22:11 Scale Barding Armor
21:57 Fletching
22:07 Padded Archer Armor
22:52 Gold Mining
24:39 Stone Mining
27:46 Castle Age
30:40 Husbandry
30:53 Bloodlines
Fckboy
3:28 Loom
15:07 Feudal Age
16:06 Double-Bit Axe
19:10 Castle Age
19:16 Wheelbarrow
20:31 Bow Saw
21:38 Hand Cart
21:23 Gold Mining
26:13 Gold Shaft Mining
25:32 Stone Mining
30:54 Imperial Age
28:42 Forging
30:14 Iron Casting
29:53 Scale Barding Armor
31:25 Chain Barding Armor
31:12 Padded Archer Armor
31:20 Fletching
32:41 Chemistry
31:48 Husbandry
33:16 Blast Furnace
31:41 Cavalier
33:26 Plate Barding Armor
32:50 Bodkin Arrow
34:29 Leather Archer Armor
34:40 Ballistics
medina.nacho27
7:50 Loom
9:59 Feudal Age
17:14 Castle Age
18:53 Pikeman
19:34 Squires
20:33 Forging
20:39 Horse Collar
26:34 Padded Archer Armor
26:25 Fletching
29:37 Wheelbarrow
29:02 Double-Bit Axe
33:39 Imperial Age
34:39 Imperial Age
Mr.Mictlan.
0:35 Loom
14:22 Feudal Age
14:50 Horse Collar
15:47 Wheelbarrow
14:59 Double-Bit Axe
15:09 Stone Mining
16:01 Gold Mining
20:13 Forging
21:01 Bloodlines
21:20 Scale Barding Armor
24:43 Scale Mail Armor
24:33 Fletching
27:20 Castle Age
28:15 Heavy Plow
28:26 Bow Saw
28:34 Hand Cart
28:24 Husbandry
27:45 Light Cavalry
29:03 Iron Casting
28:49 Chain Barding Armor
28:45 Chain Mail Armor
29:08 Squires
28:53 Arson
31:47 Szlachta Privileges
34:10 Caravan
Tommy
7:24 Loom
9:46 Feudal Age
11:05 Double-Bit Axe
17:52 Wheelbarrow
18:35 Horse Collar
22:24 Castle Age
20:32 Scale Barding Armor
20:38 Forging
20:30 Padded Archer Armor
20:20 Fletching
20:34 Horse Collar
22:32 Crossbowman
26:07 Bow Saw
28:24 Thumb Ring
29:23 Bodkin Arrow
29:44 Leather Archer Armor
30:17 Gold Mining
32:40 Forging
32:30 Scale Mail Armor
32:35 Husbandry
34:25 Heavy Plow
34:42 Chain Mail Armor
35:20 Iron Casting
[T]INCHO
0:53 Loom
13:58 Feudal Age
21:45 Castle Age
21:35 Wheelbarrow
21:02 Horse Collar
23:39 Double-Bit Axe
25:00 Bow Saw
30:12 Hand Cart
Giovanni_S
10:42 Feudal Age
15:29 Castle Age
16:40 Double-Bit Axe
16:38 Horse Collar
20:29 Wheelbarrow
20:58 Bow Saw
23:39 Forging
27:41 Hand Cart
27:12 Loom
30:45 Heavy Plow
30:59 Gold Mining
33:09 Iron Casting
33:11 Gold Shaft Mining
37:07 Imperial Age
Gordo Compu
8:47 Loom
10:32 Feudal Age
16:03 Castle Age
15:10 Loom
17:13 Gold Mining
19:19 Man-at-Arms
20:11 Double-Bit Axe
20:06 Long Swordsman
23:29 Forging
23:20 Scale Mail Armor
23:43 Horse Collar
28:45 Squires
29:48 Arson
30:12 Gambesons
31:06 Chain Mail Armor
33:51 Stone Mining
Connection lost

Rejoining the realm…

Still unreachable

The connection could not be restored.

Session expired

The server has moved on; the page needs a fresh start.